 Dungeon Crawl Stone Soup version 0.29.1-2-gbd0b4ee654 (webtiles) character file.

Game seed: 10263368871063371221

39 HawkII the Shield-Bearer (level 3, -5/20 HPs)
             Began as a Vine Stalker Fighter on Nov 21, 2022.
             Killed from afar by Sigmund (7 damage)
             ... with a bolt of dispelling energy
             ... on level 2 of the Dungeon.
             The game lasted 00:07:33 (2306 turns).

HawkII the Shield-Bearer (Vine Stalker Fighter)     Turns: 2306, Time: 00:07:34

Health: -5/20      AC:  6    Str: 20    XL:     3   Next: 47%
Magic:  0/4        EV:  9    Int:  8    God:
Gold:   120        SH:  5    Dex: 19    Spells: 2/2 levels left

rFire   + . .      SeeInvis .   a - +0 long sword
rCold   . . .      Faith    .   c - +0 buckler
rNeg    . . .      Spirit   +   b - +0 scale mail
rPois   .          Reflect  .   (no helmet)
rElec   .          Harm     .   (no cloak)
rCorr   .          Rampage  .   (no gloves)
Will    .....                   (no boots)
Stlth   ..........              (no amulet)
HPRegen 0.06/turn               i - +6 ring of dexterity
MPRegen 0.09/turn               n - ring of protection from fire

@: mighty, brilliant
A: fangs 2, magic shield, antimagic bite, no potion heal 2
a: no special abilities


You were on level 2 of the Dungeon.
You visited 1 branch of the dungeon, and saw 2 of its levels.

You collected 120 gold pieces.

Inventory:

Hand Weapons
 a - a +0 long sword (weapon)
Missiles
 g - 7 javelins (quivered)
Armour
 b - a +0 scale mail (worn)
 c - a +0 buckler (worn)
Jewellery
 i - a +6 ring of dexterity (left hand)
 m - a ring of wizardry
 n - a ring of protection from fire (right hand)
Scrolls
 j - a scroll of immolation
 l - a scroll of brand weapon
Potions
 f - a potion of haste


   Skills:
 + Level 3.0 Fighting
 + Level 2.2 Long Blades
 + Level 2.8 Armour
 + Level 0.2 Dodging
 + Level 3.1 Shields


You had 2 spell levels left.
You didn't know any spells.
Your spell library was empty.

Dungeon Overview and Level Annotations

Branches:
Dungeon (2/15)

Altars:
Xom

Annotations:
D:2 Sigmund


Innate Abilities, Weirdness & Mutations

You have extremely sharp teeth.
When hurt, damage is shared between your health and your magic reserves.
Your bite disrupts and absorbs the magic of your enemies.
Potions cannot restore your health.


Message History

Sigmund hits you but does no damage.
You bump into the rock wall.
Sigmund hits you with a +0 scythe.
* * * LOW HITPOINT WARNING * * *
You bump into the rock wall.
Sigmund hits you with a +0 scythe!
* * * LOW HITPOINT WARNING * * *
You feel less invigorated.
You feel less confused.
You hit Sigmund.
Sigmund is moderately wounded.
You block Sigmund's attack.
Throw: 11 javelins
Press: ? - help, Q - select action Shift-Dir - straight line, f - Sigmund
Aim: Sigmund, wielding a +0 scythe, wearing a +0 robe and carrying a wand of quicksilver (3) (moderately wounded, 58% to hit)
You throw a javelin. The javelin pierces through Sigmund.
Sigmund is moderately wounded.
Sigmund zaps a wand.
The bolt of dispelling energy misses you.
Sigmund hits you but does no damage.
Throw: 10 javelins
Press: ? - help, Q - select action Shift-Dir - straight line, f/p - Sigmund
Aim: Sigmund, wielding a +0 scythe, wearing a +0 robe and carrying a wand of quicksilver (2) (moderately wounded, 58% to hit)
You throw a javelin. The javelin barely misses Sigmund.
Sigmund casts a spell at you. You resist with some effort.
Throw: 9 javelins
Press: ? - help, Q - select action Shift-Dir - straight line, f/p - Sigmund
Aim: Sigmund, wielding a +0 scythe, wearing a +0 robe and carrying a wand of quicksilver (2) (moderately wounded, 58% to hit)
You throw a javelin. The javelin closely misses Sigmund.
Sigmund mumbles some strange words.
Sigmund flickers and vanishes!
Deactivating autopickup; reactivate with Ctrl-A.
Throw: 8 javelins
Press: ? - help, Q - select action Shift-Dir - straight line You throw a javelin.
You hear a zap.
A bolt of dispelling energy appears from out of thin air!
The bolt of dispelling energy hits you!
Your magical effects are unravelling.
You die...

##.##.### ###
##.....<# ###.#
#..#.#######..##.#
##..#..........##.#
........(......##.#
##...........#.##.#
...##..........##.#
...............##.###
#####....(.....{@...#
### #..##.##.#......#
..# #........##.#####
..# #..##.##....# ..#
#..##.##.#### .<#
#..##.##.#
#.###..##.##.#
#............#
...@....#.##.#


There were no monsters in sight!

Vanquished Creatures
  An adder (D:2)
  A worm (D:2)
  A dart slug (D:1)
  2 endoplasms
  3 goblins
  4 hobgoblins
  A quokka (D:1)
  2 ball pythons (D:2)
  6 bats
  2 frilled lizards (D:2)
  3 rats (D:2)
26 creatures vanquished.

Notes
Turn   | Place    | Note
-------+----------+-------------------------------------------
     0 | D:1      | HawkII the Vine Stalker Fighter began the quest for the
                  | Orb.
     0 | D:1      | Reached XP level 1. HP: 11/11 MP: 2/2
   410 | D:1      | Found a faded altar of an unknown god.
   549 | D:1      | Reached XP level 2. HP: 16/16 MP: 3/3
   988 | D:2      | Found a shimmering altar of Xom.
  1067 | D:2      | Noticed Sigmund
  1564 | D:2      | Reached XP level 3. HP: 19/19 MP: 4/4
  1684 | D:2      | Identified the +3 quarterstaff of the Devouring Seeker
                  | {vorpal, rC+ rN+ SInv}
  2300 | D:2      | HP: 1/20 [Sigmund/+0 scythe (4)]
  2306 | D:2      | Killed from afar by Sigmund

Illustrated notes

Levels and vault maps discovered:
D:1:      dpeg_arrival_erosion, layout_loops_cross,
          ebering_ecumenical_altar_box, serial_forest,
          infiniplex_forest_straight_2, infiniplex_forest_lined_3_way,
          infiniplex_forest_straight_4, infiniplex_forest_zigzag_1,
          infiniplex_forest_lined_3, infiniplex_forest_zigzag_1,
          infiniplex_forest_straight_2, infiniplex_forest_end_1
D:2:      layout_basic, basic_altar, minmay_misc_feat_plants, uniq_sigmund

Skill      XL: |  1  2  3 |
---------------+----------+-----
Long Blades    | 2 |  2.2
Shields        | 3 |  3.1
Fighting       | 3 |  3.0
Armour         | |  2.8
Dodging        | |  0.2

Action                   || total
-------------------------++-------
Melee: Long sword        ||    73
       Bite              ||    12
Throw: Javelin           ||     4
  Use: Scroll            ||     5
       Potion            ||     3
Armor: Scale mail        ||    39
Dodge: Dodged            ||    49
Block: Buckler           ||    22
